 Dungeon Crawl Stone Soup version 0.18.1-8-gdd0e5ea (webtiles) character file.

2754 Scarto the Skirmisher (level 9, -1/108 HPs)
             Began as a Demonspawn Fighter on May 22, 2016.
             Was an Initiate of Qazlal.
             Slain by a killer bee (4 damage)
             ... on level 7 of the Dungeon.
             The game lasted 00:14:50 (6966 turns).

Scarto the Skirmisher (Demonspawn Fighter)          Turns: 6966, Time: 00:14:51

Health: -1/108     AC: 24    Str: 20    XL:     9   Next: 41%
Magic:  0/11       EV:  2    Int:  9    God:    Qazlal [......]
Gold:   444        SH: 15    Dex: 13    Spells: 0 memorised, 8 levels left

rFire  . . .     SeeInvis .     a - +0 war axe
rCold  . . .     Gourm    +     (armour currently unavailable)
rNeg   + + +     Faith    .     D - +0 large shield
rPois  +         Spirit   +     (helmet currently unavailable)
rElec  .         Dismiss  .     (cloak currently unavailable)
rCorr  .         Reflect  .     (gloves currently unavailable)
SustAt .         Harm     .     (boots currently unavailable)
MR     .....     NoTele   +     n - amulet of the gourmand
Stlth  +.........               (no ring)
                                (no ring)

@: lethally poisoned (-1 -> -2), tree-form, not resistant to hostile
enchantments, very unstealthy
A: (talons 0), (yellow scales 0), powered by pain 2, magic shield
a: Renounce Religion


You were on level 7 of the Dungeon.
You worshipped Qazlal.
Qazlal was noncommittal.
You were not hungry.
You were a tree.
You visited 2 branches of the dungeon, and saw 8 of its levels.

You collected 444 gold pieces.

Inventory:

Hand Weapons
 a - a +0 war axe (weapon)
Missiles
 A - 5 tomahawks (quivered)
Armour
 s - a +1 pair of boots (melded)
 B - a +0 chain mail (melded)
 D - a +0 large shield (worn)
Jewellery
 d - an uncursed amulet of regeneration
 n - an amulet of the gourmand (around neck)
Wands
 x - a wand of teleportation (2/9)
 G - a wand of slowing (31/48)
Scrolls
 e - 2 scrolls of teleportation
 h - 3 scrolls of remove curse
 i - a scroll of blinking
 o - 2 scrolls of identify
 y - a scroll of fear
 C - a scroll of magic mapping {unknown}
 E - 2 scrolls of noise {unknown}
Potions
 b - a potion of invisibility {unknown}
 k - a potion of cure mutation
 l - a potion of lignification
 m - 2 potions of brilliance
 p - a potion of flight
 q - 2 potions of agility
 t - a potion of cancellation
 z - a potion of might
Books
 c - a book of Debilitation

   Spells                             Type                      Level
   a - Corona                         Hexes                        1
   b - Slow                           Hexes                        2
   c - Gell's Gravitas                Hexes/Translocation          3
   d - Inner Flame                    Hexes/Fire                   3
   e - Cause Fear                     Hexes                        4
   f - Leda's Liquefaction            Hexes/Earth                  4
 F - a book of Frost

   Spells                             Type                      Level
   a - Freeze                         Ice                          1
   b - Throw Frost                    Conjuration/Ice              2
   c - Ozocubu's Armour               Charms/Ice                   3
   d - Throw Icicle                   Conjuration/Ice              4
   e - Summon Ice Beast               Ice/Summoning                4
Comestibles
 f - 4 bread rations
 j - 3 beef jerkies
 r - 7 fruits
 v - 5 meat rations
 w - 2 slices of pizza


   Skills:
 + Level 7.2 Fighting
 + Level 5.9 Axes
 + Level 6.3 Armour
 + Level 6.3 Shields
 + Level 3.2 Invocations


You had 8 spell levels left.
You didn't know any spells.

Dungeon Overview and Level Annotations

Branches:
Dungeon (7/15)             Temple (1/1) D:5

Altars:
Cheibriados
Dithmenos
Elyvilon
Fedhas
Gozag
Kikubaaqudgha
Nemelex Xobeh
Okawaru
Pakellas
Qazlal
Ru
Sif Muna
Trog
Vehumet
Yredelemnul
Zin
The Shining One

Shops:
D:5 *

Annotations:
D:7 2 runed doors


Innate Abilities, Weirdness & Mutations

((You have sharp toenails.))
((You are mostly covered in yellow scales (AC +3).))
You sometimes gain power by taking damage.
When hurt, damage is shared between your health and your magic reserves.


Message History

* * * LOW HITPOINT WARNING * * *
The orc wizard hits you but does no damage.
The killer bee stings you but does no damage.
You block the killer bee's attack.
Unknown command.
You closely miss the killer bee.
The killer bee is heavily wounded.
You hit the orc wizard.
The orc wizard is moderately wounded.
You hit the orc.
The orc is lightly wounded.
You miss the killer bee.
The killer bee is heavily wounded.
The killer bee stings you but does no damage.
The killer bee stings you.
* * * LOW HITPOINT WARNING * * *
You block the orc wizard's attack.
The orc wizard hits you but does no damage.
You block the killer bee's attack. The killer bee stings you.
You die...

... #.# ####.#
..#.# #.#..
######...#######
.......yyo......
.$.....#♣# #.o)#
##..# ..#
#..##..#
+...#..#
+...#..#
#...#..#
##...#..#
#.......#


You could see 2 killer bees, an orc wizard and an orc.

Vanquished Creatures
  A hill giant (D:7)
  The ghost of zeroDi the Covert, a novice VSAs of Okawaru (D:5)
  5 ogres
  A centaur (D:6)
  A big kobold (D:7)
  4 giant frogs
  3 killer bees (D:7)
  A howler monkey (D:4)
  2 centaur zombies
  3 crimson imps (D:6)
  An orc priest (D:5)
  3 giant frog zombies
  A jelly (D:5)
  2 centaur skeletons
  2 hounds (D:4)
  A giant frog skeleton (D:4)
  2 iguanas
  2 orc wizards
  4 worker ants
  A hound zombie (D:5)
  A hound skeleton (D:6)
  A worker ant zombie (D:5)
  9 gnolls
  10 adders
  2 shadow imps
  3 oozes
  2 adder zombies (D:5)
  An adder skeleton (D:5)
  3 worms
  6 giant geckos
  15 orcs
  3 ball pythons
  4 giant cockroaches
  11 hobgoblins
  8 jackals
  6 quokkas
  8 bats
  A giant gecko skeleton (D:4)
  3 giant newts
  11 goblins
  12 kobolds
  2 quokka skeletons
  A quokka zombie (D:5)
  5 rats
  A fungus (D:5)
170 creatures vanquished.

Notes
Turn   | Place    | Note
--------------------------------------------------------------
     0 | D:1      | Scarto the Demonspawn Fighter began the quest for the Orb.
     0 | D:1      | Reached XP level 1. HP: 18/18 MP: 1/1
   140 | D:1      | Gained mutation: You have sharp toenails. [demonic ancestry]
   140 | D:1      | Reached XP level 2. HP: 7/24 MP: 2/2
   949 | D:2      | Gained mutation: You sometimes gain a little power by taking damage. [demonic ancestry]
   949 | D:2      | Reached XP level 3. HP: 28/29 MP: 3/3
  1219 | D:2      | Gained mutation: You are partially covered in yellow scales (AC +2). [demonic ancestry]
  1219 | D:2      | Reached XP level 4. HP: 32/35 MP: 4/4
  2358 | D:3      | Found an oddly glowing altar of Pakellas.
  2557 | D:4      | Gained mutation: You sometimes gain power by taking damage. [demonic ancestry]
  2557 | D:4      | Reached XP level 5. HP: 42/42 MP: 5/5
  2597 | D:4      | Reached skill level 4 in Fighting
  2677 | D:4      | Noticed an ogre
  2684 | D:4      | Killed an ogre
  2684 | D:4      | Reached XP level 6. HP: 44/48 MP: 6/6
  3765 | D:4      | Reached skill level 5 in Fighting
  3765 | D:4      | Gained mutation: You are mostly covered in yellow scales (AC +3). [demonic ancestry]
  3765 | D:4      | Reached XP level 7. HP: 56/56 MP: 7/7
  4053 | D:5      | Entered Level 5 of the Dungeon
  4296 | D:5      | Found an iron altar of Okawaru.
  4450 | D:5      | Found Qoneo's Assorted Antiques.
  4591 | D:5      | Noticed zeroDi's ghost (novice VSAs)
  4626 | D:5      | Killed zeroDi's ghost
  4626 | D:5      | Reached skill level 5 in Armour
  4626 | D:5      | Reached skill level 5 in Shields
  4626 | D:5      | Reached XP level 8. HP: 44/64 MP: 8/8
  4868 | D:5      | Reached skill level 6 in Fighting
  5008 | D:5      | Found an oddly glowing altar of Pakellas.
  5294 | D:5      | Reached skill level 5 in Axes
  5303 | D:5      | Found a staircase to the Ecumenical Temple.
  5315 | Temple   | Entered the Ecumenical Temple
  5384 | Temple   | Became a worshipper of Qazlal Stormbringer
  6103 | D:6      | Found an ancient bone altar of Kikubaaqudgha.
  6406 | D:6      | Reached skill level 1 in Invocations
  6530 | D:6      | Found a snail-covered altar of Cheibriados.
  6738 | D:7      | Found a large runed door.
  6738 | D:7      | Found a large runed door.
  6750 | D:7      | Gained mutation: When hurt, damage is shared between your health and your magic reserves. [demonic ancestry]
  6750 | D:7      | Reached XP level 9. HP: 71/71 MP: 9/9
  6762 | D:7      | Noticed a hill giant
  6775 | D:7      | HP: 3/71 [hill giant/giant club (28)]
  6780 | D:7      | Killed a hill giant
  6780 | D:7      | Reached skill level 7 in Fighting
  6966 | D:7      | HP: 3/108 [killer bee (3)]
  6966 | D:7      | Slain by a killer bee

Skill      XL: |  1  2  3  4  5  6  7  8  9 |
---------------+----------------------------+-----
Axes           | 2 3 4 5 |  5.9
Armour         | 3 4 5 6 |  6.3
Shields        | 3 4 5 6 |  6.3
Fighting       | 4 5 6 7 |  7.2
Invocations    | 1 3 |  3.2

Action                   |  1- 3 |  4- 6 |  7- 9 || total
-------------------------+-------+-------+-------++-------
Melee: War axe           |    78 |   222 |   463 ||   763
       Kick              |     9 |    15 |       ||    24
  Use: Potion            |     1 |     1 |     7 ||     9
       Scroll            |       |    10 |     6 ||    16
  Eat: Chunk             |     1 |    16 |     7 ||    24
       Bread ration      |       |     1 |       ||     1
Armor: Scale mail        |    27 |   109 |    85 ||   221
       Chain mail        |       |       |   143 ||   143
       Skin              |       |       |    66 ||    66
Dodge: Dodged            |    16 |    70 |    96 ||   182
Block: Shield            |    46 |   106 |   103 ||   255
       Large shield      |       |       |   308 ||   308
